AoeStats
← Briareos

Arabia

503883411Analyzed
4v4 RM · 1mo ago on Sep 2, 2026· 49m 57s· 8 players
Game mode
Random Map
Map size
Large (8 player)
Population
200
Speed
Normal
Resources
Standard
Victory
Conquest
Starting age
Dark Age
Ending age
Imperial Age
RankedLock teamsTeams togetherTeam positionsShared explorationLock speedFull tech treeHidden civsTurbo modeCheats
Victory
Defeat
🇮🇹 Maya · Italy
931
+13
🇮🇹 Khmer · Italy
917
+13
🇿🇦 Magyars · South Africa
905
+14
🇩🇪 Byzantines · Germany
895
+41
🇩🇪 Lithuanians · Germany
884
-35
🇩🇪 Jurchens · Germany
875
-14
🇩🇪 Persians · Germany
860
-14
🇩🇪 Slavs · Germany
825
-12
Beast of no Nation
7:38 Loom
10:55 Feudal Age
11:22 Horse Collar
11:30 Double-Bit Axe
17:06 Fletching
22:09 Castle Age
20:34 Gold Mining
23:39 Gold Shaft Mining
23:08 Heavy Plow
23:21 Bow Saw
23:33 Padded Archer Armor
26:09 Bodkin Arrow
27:57 Ballistics
27:27 Crossbowman
29:04 Wheelbarrow
29:16 Stone Mining
30:50 Leather Archer Armor
31:39 Hand Cart
36:22 Imperial Age
35:02 Thumb Ring
37:31 Arbalester
37:35 Elite Cataphract
42:52 Scale Barding Armor
44:44 Crop Rotation
47:15 Chain Barding Armor
47:07 Forging
50:45 Plate Barding Armor
50:47 Iron Casting
50:12 Bracer
50:44 Ring Archer Armor
Jostraio
7:41 Loom
10:24 Feudal Age
11:04 Double-Bit Axe
14:49 Castle Age
17:12 Bloodlines
26:09 Scale Barding Armor
28:18 Wheelbarrow
28:09 Town Watch
29:28 Chain Barding Armor
30:05 Bow Saw
30:37 Gold Mining
31:39 Horse Collar
36:08 Imperial Age
34:02 Forging
33:59 Fletching
34:58 Husbandry
35:42 Iron Casting
35:12 Bodkin Arrow
36:11 Cavalier
37:33 Plate Barding Armor
37:58 Blast Furnace
37:37 Plate Barding Armor
36:43 Light Cavalry
39:35 Hussar
46:59 Hand Cart
HHH2323
2:17 Loom
10:40 Feudal Age
19:19 Bloodlines
25:17 Castle Age
25:31 Scale Barding Armor
25:26 Gold Mining
26:07 Husbandry
25:27 Light Cavalry
26:37 Pikeman
27:37 Double-Bit Axe
45:11 Imperial Age
45:08 Bow Saw
47:42 Murder Holes
47:15 Elite Magyar Huszar
jollodianice
0:43 Loom
10:03 Feudal Age
13:09 Fletching
16:01 Padded Archer Armor
18:55 Wheelbarrow
18:13 Gold Mining
18:11 Double-Bit Axe
25:46 Castle Age
27:49 Hand Cart
29:02 Bodkin Arrow
30:43 Stone Mining
31:18 Leather Archer Armor
31:11 Squires
34:20 Stone Shaft Mining
33:58 Bow Saw
37:48 Ballistics
43:50 Imperial Age
44:02 Elite Plumed Archer
44:45 Bracer
45:16 Ring Archer Armor
46:20 Chemistry
49:54 Spies/Treason
Mathe
8:13 Loom
10:19 Feudal Age
12:02 Double-Bit Axe
14:19 Horse Collar
24:07 Castle Age
23:41 Bloodlines
23:46 Forging
24:33 Scale Barding Armor
24:27 Pikeman
25:45 Bow Saw
29:29 Heavy Plow
31:57 Husbandry
33:21 Iron Casting
34:44 Man-at-Arms
35:48 Squires
36:35 Chain Barding Armor
36:18 Scale Mail Armor
35:56 Long Swordsman
37:57 Detinets
38:53 Wheelbarrow
42:08 Imperial Age
40:37 Chain Mail Armor
43:04 Hand Cart
42:22 Two-Handed Swordsman
42:23 Halberdier
44:48 Blast Furnace
44:16 Champion
46:01 Plate Mail Armor
46:14 Conscription
47:17 Druzhina
avblackout
7:45 Loom
10:38 Feudal Age
15:21 Castle Age
14:14 Horse Collar
16:59 Double-Bit Axe
18:32 Scale Mail Armor
19:53 Heavy Plow
20:57 Bow Saw
21:20 Chain Mail Armor
22:25 Forging
24:33 Squires
26:48 Iron Casting
30:19 Wheelbarrow
33:39 Hand Cart
36:18 Gambesons
39:14 Gold Mining
Briareos
8:58 Loom
16:17 Feudal Age
17:03 Double-Bit Axe
19:06 Wheelbarrow
20:25 Horse Collar
21:29 Town Watch
33:02 Forging
33:12 Forging
33:03 Padded Archer Armor
33:12 Scale Barding Armor
37:18 Castle Age
35:32 Stone Mining
35:37 Gold Mining
37:57 Bloodlines
38:17 Hand Cart
38:13 Husbandry
38:58 Iron Casting
39:04 Squires
40:13 Bow Saw
40:08 Heavy Plow
40:50 Stone Shaft Mining
44:29 Town Patrol
47:06 Imperial Age
44:40 Town Patrol
51:23 Imperial Age
48:56 Town Patrol
Mia
11:58 Feudal Age
10:18 Loom
13:54 Wheelbarrow
13:35 Horse Collar
14:24 Double-Bit Axe
17:56 Scale Barding Armor
18:03 Forging
22:02 Castle Age
20:21 Bloodlines
22:56 Heavy Plow
23:16 Bow Saw
24:04 Chain Barding Armor
25:21 Iron Casting
25:25 Husbandry
32:19 Hand Cart
42:46 Imperial Age
42:45 Hand Cart
43:40 Plate Barding Armor
42:45 Cavalier
Connection lost

Rejoining the realm…

Still unreachable

The connection could not be restored.

Session expired

The server has moved on; the page needs a fresh start.